 Dungeon Crawl Stone Soup version 0.31-a0-662-g684573625c (webtiles) character file.

Game seed: 330616326082667817

58 Dirtsage the Changeling (level 4, -4/28 HPs)
             Began as an Octopode Shapeshifter on Sept 1, 2023.
             Slain by an orc
             ... wielding a +0 trident
              (5 damage)
             ... on level 2 of the Dungeon.
             The game lasted 00:01:36 (1011 turns).

Dirtsage the Changeling (Octopode Shapeshifter)     Turns: 1011, Time: 00:01:36

Health: -4/28      AC:  1    Str: 15    XL:     4   Next: 2%
Magic:  4/4        EV: 13    Int: 12    God:
Gold:   29         SH:  0    Dex: 11    Spells: 3/3 levels left

rFire   . .          .
                       - Unarmed
rCold   . . .        (no shield)
rNeg    . . .        (helmet currently unavailable)
rPois   .            (no amulet)
rElec   .            (no ring)
rCorr   .            (no ring)
SInv    .            (no ring)
Will    .....        (no ring)
Stlth   ++           (no ring)
HPRegen 0.24/turn    (no ring)
MPRegen 0.09/turn    (no ring)
                     (no ring)

%: no passive effects
@: beast-form
A: beast (slay +2), almost no armour, amphibious, 8 rings, camouflage 1,
gelatinous body 1, (nimble swimmer 1), tentacles
a: Begin Untransformation


You were on level 2 of the Dungeon.
You were a hulking beast.
You visited 1 branch of the dungeon, and saw 2 of its levels.

You collected 29 gold pieces.

Inventory:

Missiles
 f - 2 curare-tipped darts
Talismans
 b - a beast talisman (active)
 c - a flux talisman
Scrolls
 d - 2 scrolls of identify {unknown}
 h - a scroll of immolation {unknown}
 i - a scroll of fog {unknown}
 j - a scroll of summoning {unknown}
 k - 2 scrolls of enchant armour {unknown}
 l - a scroll of vulnerability {unknown}
Potions
 a - a potion of lignification
 e - a potion of attraction {unknown}
 g - a potion of might {unknown}
 m - a potion of brilliance {unknown}
 n - a potion of curing {unknown}


   Skills:
 - Level 1.0 Fighting
 - Level 2.0 Dodging
 + Level 3.6 Unarmed Combat
 * Level 4.1 Shapeshifting


You had 3 spell levels left.
You didn't know any spells.
Your spell library contained the following spells:

 Spells                   Type           Power      Damage    Failure   Level
 Magic Dart               Conj           0%         1d3       32%         1
 Call Imp                 Summ           0%         N/A       45%         2
 Lesser Beckoning         Tloc           0%         N/A       45%         2
 Gell's Gravitas          Tloc           0%         N/A       69%         3
 Mephitic Cloud           Conj/Pois/Air  0%         N/A       69%         3
 Teleport Other           Tloc           0%         N/A       69%         3


Dungeon Overview and Level Annotations

Branches:
Dungeon (2/15)

Altars:


Innate Abilities, Weirdness & Mutations

You are a hulking beast.
Your limbs bulge with bestial killing power. (Slay +2)
You cannot wear most types of armour.
You are amphibious.
You can wear up to eight rings at the same time.
Your skin changes colour to match your surroundings (Stealth+).
Your rubbery body absorbs attacks. (AC +1, EV +1)
((You are camouflaged when in or above water. (Stealth+)))
You have tentacles for arms and can constrict up to eight enemies at once.


Message History

An orc and an orc wizard come into view.
The orc shouts!
You hear a shout!
You see here a +0 dagger.
An orc comes into view. It is wielding a +0 trident.
The orc shouts!
The orc wizard shouts!
You hear a shout!
An orc comes into view. It is wielding a +0 whip.
The orc hits you from afar with a +0 trident.
The orc throws a boomerang.
The boomerang closely misses you.
You take 4 damage, and have 24/28 hp.
You tentacle-slap the orc. Your grab misses the orc.
The orc is severely wounded.
The orc barely misses you.
You tentacle-slap the orc wizard. Your grab misses the orc wizard.
The orc wizard is moderately wounded.
An orc comes into view. It is wielding a +0 mace.
The orc barely misses you.
You closely miss the orc wizard. You grab the orc wizard.
You squeeze the orc wizard.
The orc wizard is severely wounded.
You constrict the orc wizard, but do no damage.
The orc closely misses you.
The orc wizard escapes!
You barely miss the orc wizard. Your grab misses the orc wizard.
The orc wizard is severely wounded.
The orc hits you from afar with a +0 trident!
The orc closely misses you.
The orc wizard hits you with a +0 dagger.
You take 13 damage, and have 11/28 hp.
MASSIVE DAMAGE!!
You tentacle-slap the orc wizard. Your grab misses the orc wizard.
The orc wizard is severely wounded.
The orc hits you from afar with a +0 trident!
* * * LOW HITPOINT WARNING * * *
The orc wizard hits you with a +0 dagger.
* * * LOW HITPOINT WARNING * * *
You take 9 damage, and have 2/28 hp.
MASSIVE DAMAGE!!
You bludgeon the orc wizard!
You kill the orc wizard!
The orc hits you with a +0 mace.
* * * LOW HITPOINT WARNING * * *
The orc hits you from afar with a +0 trident.
You die...

...#.....#.#####.#
...........# #.##
##.#.....#.#
#..####
##.#.....#.#
##....#
##.#.#######
####.# .#.#.# #...
#.## .#.#.# #....
#####..# ...#.
#.....#o8.##.#
.#..
#[..oo'h.).'.#
....
#....o#)8.####
.... #.... #####
.... #... .). ##'
#. #


You could see 4 orcs.

Vanquished Creatures
  An orc wizard (D:2)
  2 adders (D:2)
  A worm (D:2)
  3 dart slugs
  2 orcs (D:2)
  A ball python (D:1)
  4 endoplasms
  A giant cockroach (D:1)
  2 goblins (D:1)
  3 hobgoblins
  5 kobolds (D:1)
  2 bats (D:2)
  4 rats (D:1)
31 creatures vanquished.

Notes
Turn   | Place    | Note
-------+----------+-------------------------------------------
     0 | D:1      | Dirtsage the Octopode Shapeshifter began the quest for the
                  | Orb.
     0 | D:1      | Reached XP level 1. HP: 13/13 MP: 1/1
    48 | D:1      | Reached XP level 2. HP: 12/18 MP: 2/2
   391 | D:1      | Reached XP level 3. HP: 23/23 MP: 3/3
   962 | D:2      | Reached skill level 4 in Shapeshifting
  1002 | D:2      | Reached XP level 4. HP: 28/28 MP: 4/4
  1003 | D:2      | Found the +1 Delatra's gloves {ID++}
  1011 | D:2      | HP: 1/28 [orc/+0 mace (1)]
  1011 | D:2      | Slain by an orc

Illustrated notes

Levels and vault maps discovered:
D:1:      psy_arrival_dodecagon, layout_basic, serial_bayou,
          serial_bayou_lagoon_a, serial_bayou_pond_e, serial_bayou_pond_b,
          serial_bayou_lake_a, serial_bayou_ford_a
D:2:      layout_rooms, pf_guarded_unrand_delatra

Skill      XL: |  1  2  3 |
---------------+----------+-----
Shapeshifting  | 4 |  4.1
Fighting       | |  1.0
Dodging        | |  2.0
Unarmed Combat | |  3.6

Action                     |  1- 3 |  4- 6 || total
---------------------------+-------+-------++-------
  Melee: Unarmed           |    53 |     6 ||    59
         Constrict         |    16 |     1 ||    17
         Tentacles         |    12 |     1 ||    13
   Stab: Sleeping          |     2 |       ||     2
 Armour: Skin              |    12 |     7 ||    19
  Dodge: Dodged            |    28 |     5 ||    33

Table legend: (Time is in decaauts)
 A = Elapsed time spent in this place.
 B = Non-inter-level travel time spent in this place.
 C = Inter-level travel time spent in this place.
 D = Time resting spent in this place.
 E = Time spent auto-exploring this place.
 F = Levels seen in this place.
 G = Mean time per level.
                   A        B        C        D        E       F      G
               +--------+--------+--------+--------+--------+-----+--------+
         Total |   1006 |    993 |     13 |      0 |    835 |   2 |  503.0 |
       Dungeon |   1006 |    993 |     13 |      0 |    835 |   2 |  503.0 |
               +--------+--------+--------+--------+--------+-----+--------+

Top non-repeatable levels by time:
     D:1: 874 daAuts
     D:2: 132 daAuts
